 Dungeon Crawl Stone Soup version 0.27-a0-1281-ge233d83751 (webtiles) character file.

Game seed: 2417529139436023369

18425 Johnny the Thaumaturge (level 12, -3/81 HPs)
             Began as a Deep Elf Earth Elementalist on June 14, 2021.
             Was a High Priest of Dithmenos.
             Killed from afar by an ice statue (41 damage)
             ... with a bolt of cold
             ... in an ice cave.
             The game lasted 00:15:20 (13170 turns).

Johnny the Thaumaturge (DEEE)                      Turns: 13170, Time: 00:15:20

Health: -3/81      AC: 10    Str:  3    XL:     12   Next: 27%
Magic:  16/31      EV: 11    Int: 35    God:    Dithmenos [*****.]
Gold:   599        SH:  0    Dex: 15    Spells: 24/37 levels left

rFire    . . .     SeeInvis .   J - +4 demon trident (freeze)
rCold    . . .     Faith    .   (no shield)
rNeg     + + .     Spirit   .   t - +0 troll leather armour
rPois    .         Reflect  .   P - +2 helmet {Int+3}
rElec    .         Harm     .   z - +0 cloak
rCorr    .         Rampage  .   E - +0 pair of gloves of Distant Worlds {rN++ Str-2}
Will     ++...                  A - +0 pair of boots
Stlth    +++.......             y - amulet of the acrobat
HPRegen  1.23/turn              i - +6 ring of intelligence
MPRegen  0.22/turn              B - ring of willpower

@: wreathed by umbra
A: no striking features
a: Renounce Religion, Shadow Step, Shadow Form


You were in an ice cave.
You worshipped Dithmenos.
Dithmenos was extremely pleased with you.
You visited 2 branches of the dungeon, and saw 13 of its levels.
You also visited: Ice Cave.

You collected 756 gold pieces.
You spent 157 gold pieces at shops.

Inventory:

Hand Weapons
 x - the +2 long sword of the Six Demons {flame, Will+ Dex+5}
   (You found it on level 10 of the Dungeon)

   It has been specially enchanted to burn those struck by it, causing extra
   injury to most foes and up to half again as much damage against particularly
   susceptible opponents.
   Big, fiery blades are also staple armaments of hydra-hunters.
   It affects your dexterity (+5).
   It increases your willpower.
 F - a +0 short sword of electrocution
 J - a +4 demon trident of freezing (weapon)
Missiles
 a - 5 throwing nets
 b - 286 stones
 M - 8 atropa-tipped darts
Armour
 t - a +0 troll leather armour (worn)
 z - a +0 cloak (worn)
 A - a +0 pair of boots (worn)
 E - the +0 pair of gloves of Distant Worlds (worn) {rN++ Str-2}
   (You acquired it on level 10 of the Dungeon)

   It affects your strength (-2).
   It greatly protects you from negative energy.
 P - a +2 helmet of intelligence (worn)
 R - a +1 ring mail of fire resistance
Magical Staves
 K - a staff of conjuration
Jewellery
 i - a +6 ring of intelligence (left hand)
 u - a ring of flight
 y - an amulet of the acrobat (around neck)
 B - a ring of willpower (right hand)
 C - a ring of wizardry
 G - a +6 ring of dexterity
Wands
 f - a wand of charming (5)
 H - a wand of digging (6)
 L - a wand of paralysis (15)
Scrolls
 d - a scroll of fear
 g - 2 scrolls of magic mapping
 k - a scroll of vulnerability
 l - 5 scrolls of noise
 m - a scroll of fog
 p - 3 scrolls of amnesia
 r - 3 scrolls of teleportation
 N - a scroll of torment {unknown}
 O - a scroll of blinking {unknown}
 Q - a scroll of silence {unknown}
Potions
 c - a potion of invisibility {unknown}
 e - 2 potions of mutation {unknown}
 h - 5 potions of curing
 j - a potion of cancellation {unknown}
 n - 3 potions of degeneration {unknown}
 o - 3 potions of brilliance {unknown}
 q - 3 potions of flight {unknown}
 s - a potion of ambrosia {unknown}
 v - 5 potions of heal wounds {unknown}
 w - a potion of attraction {unknown}
 D - 2 potions of haste {unknown}
 I - 2 potions of might {unknown}


   Skills:
 * Level 11.9 Fighting
 - Level 2.4 Dodging
 - Level 2.4 Stealth
 + Level 13.2 Spellcasting
 - Level 1.1 Transmutations
 + Level 11.5 Earth Magic


You had 24 spell levels left.
You knew the following spells:

 Your Spells              Type           Power      Damage    Failure   Level
a - Sandblast             Erth           100%       2d20      1%          1
b - Stone Arrow           Conj/Erth      100%       3d13      1%          3
c - Lee's Rapid Deconstr  Erth           40%        3d21*     1%          5
d - Petrify               Tmut/Erth      61%        N/A       2%          4

Your spell library contained the following spells:

 Spells                   Type           Power      Damage    Failure   Level
 Passwall                 Tmut/Erth      50%        N/A       1%          2
 Animate Skeleton         Necr           46%        N/A       3%          1
 Apportation              Tloc           46%        N/A       3%          1
 Corona                   Hex            25%        N/A       3%          1
 Magic Dart               Conj           92%        1d7       3%          1
 Summon Small Mammal      Summ           92%        N/A       3%          1
 Blink                    Tloc           N/A        N/A       5%          2
 Call Imp                 Summ           23%        N/A       5%          2
 Poisonous Vapours        Pois/Air       46%        N/A       5%          2
 Slow                     Hex            23%        N/A       5%          2
 Conjure Flame            Conj/Fire      23%        6-21      11%         3
 Mephitic Cloud           Conj/Pois/Air  23%        N/A       11%         3
 Freezing Cloud           Conj/Ice/Air   11%        6-21      69%         5


Dungeon Overview and Level Annotations

Branches:
Dungeon (12/15)            Temple (1/1) D:5            Lair (0/6) D:11
    Orc (0/2) D:11          IceCv (1/1)

Altars:
Ashenzari
Cheibriados
Dithmenos
Elyvilon
Fedhas
Gozag
Hepliaklqana
Kikubaaqudgha
Makhleb
Nemelex Xobeh
Okawaru
Qazlal
Ru
Sif Muna
Trog
Uskayaw
Vehumet
Wu Jian
Xom
Yredelemnul
Zin
The Shining One

Shops:
D:3 *   D:5 *

Annotations:
D:10 Snorg IceCv exclusion: 2 ice statues


Message History

You can't see any susceptible monsters within range! (Use Z to cast anyway.) (Key replay stole keys) Unknown command.
You start resting.
Your magical contamination has completely faded away.
You start resting.
Magic restored. 2 ice statues come into view.
Marking area around 2 ice statues as unsafe for travelling.
Casting: Lee's Rapid Deconstruction (dangerous; 1% risk of failure)
Confirm with . or Enter, or press ? or * to list all spells.
Aiming: Lee's Rapid Deconstruction (dangerous; 1% risk of failure)
Press: ? - help, Dir - move target, f - ice statue Fragment what (e.g. wall or brittle monster)?: an ice statue (unaware, hasn't noticed you, umbra)
The ice statue shatters!!
The ice statue is moderately damaged.
You hear a horrible gurgling sound!
The ice statue gestures.
The ice statue gestures at you. The freezing blast engulfs you!!
Casting: Lee's Rapid Deconstruction (dangerous; 1% risk of failure)
Confirm with . or Enter, or press ? or * to list all spells.
Aiming: Lee's Rapid Deconstruction (dangerous; 1% risk of failure)
Press: ? - help, Dir - move target, f/p - ice statue Fragment what (e.g. wall or brittle monster)?: an ice statue (moderately damaged, umbra)
The ice statue shatters!!
The ice statue is severely damaged.
You are engulfed in freezing vapours.
You hear a horrible gurgling sound!
Casting: Lee's Rapid Deconstruction (dangerous; 1% risk of failure)
Confirm with . or Enter, or press ? or * to list all spells.
Aiming: Lee's Rapid Deconstruction (dangerous; 1% risk of failure)
Press: ? - help, Dir - move target, f/p - ice statue Fragment what (e.g. wall or brittle monster)?: an ice statue (severely damaged, umbra)
The ice statue shatters!
The ice statue is almost destroyed.
You are engulfed in freezing vapours.
The ice statue gestures at you. The bolt of cold hits you!!!
Ouch! That really hurt!
You die...

###.###
##.....##
##.......##
#.........#
#.........#
#........[#
#.........#
#...§§§☼..#
#####@#####
#8..☼○○Y.8#
#.....☼☼..#
#.........#
#.........#
#.........#
##.......##
##.....##


You could see 2 ice statues and an ice beast (summoned).

Vanquished Creatures
  A hydra (D:11)
  Harold (D:9)
  A boulder beetle (D:10)
  Erolcha (D:10)
  3 two-headed ogres
  5 death yaks
  Urug (D:10)
  Nergalle (D:10)
  An ugly thing (IceCv)
  2 kobold demonologists
  2 trolls
  A hornet (D:10)
  Grinder (D:3)
  Sigmund (D:6)
  A vampire (D:10)
  A wraith (D:10)
  A shadow (D:11)
  15 yaks
  Eustachio (D:4)
  A wyvern (D:6)
  A steam dragon (D:9)
  An acid dragon (D:8)
  Duvessa (D:6)
  A black bear (D:7)
  6 orc warriors
  7 ice beasts
  2 necrophages
  3 centaurs (D:9)
  An ogre (D:6)
  2 kobold brigands
  Blork the orc (D:4)
  4 bullfrogs
  A gnoll sergeant (D:11)
  Dowan (D:6)
  A scorpion (D:6)
  3 wights (D:8)
  2 vampire bats (D:9)
  2 centaur zombies
  A howler monkey (D:6)
  2 bullfrog zombies
  2 hounds
  2 bullfrog skeletons
  4 jellies
  Crazy Yiuf (D:6)
  A gnoll shaman (D:6)
  8 orc priests
  A centaur skeleton (D:7)
  Natasha (thrice) (D:2)
  12 orc wizards
  4 iguanas
  A killer bee zombie (D:5)
  A hound skeleton (D:4)
  3 howler monkey zombies
  8 gnolls
  9 adders
  2 shadow imps
  12 white imps (D:12)
  An ufetubus (D:7)
  3 worms
  A dart slug (D:4)
  29 orcs
  2 bat skeletons (D:9)
  2 bat zombies (D:9)
  8 endoplasms
  2 giant cockroaches
  8 hobgoblins
  11 jackals
  2 quokkas
  12 ball pythons
  6 bats
  7 frilled lizards
  6 goblins
  18 kobolds
  A quokka skeleton (D:4)
  3 rats
281 creatures vanquished.

Notes
Turn   | Place    | Note
-------+----------+-------------------------------------------
     0 | D:1      | Johnny the Deep Elf Earth Elementalist began the quest for
                  | the Orb.
     0 | D:1      | Reached XP level 1. HP: 10/10 MP: 6/6
   470 | D:1      | Reached XP level 2. HP: 15/16 MP: 6/8
   526 | D:1      | Reached skill level 1 in Fighting
  1440 | D:2      | Noticed Natasha
  1445 | D:2      | Killed Natasha
  1446 | D:2      | Reached XP level 3. HP: 14/21 MP: 5/10
  1762 | D:2      | Noticed Natasha
  1766 | D:2      | Killed Natasha
  1767 | D:2      | Reached skill level 4 in Spellcasting
  1767 | D:2      | Reached XP level 4. HP: 17/26 MP: 9/12
  1771 | D:2      | Learned a level 3 spell: Stone Arrow
  1941 | D:2      | Noticed Natasha
  1945 | D:2      | Killed Natasha
  2417 | D:3      | Reached XP level 5. HP: 25/31 MP: 13/13
  2522 | D:3      | Found Pifri's General Store.
  2526 | D:3      | Bought 25 stones for 32 gold pieces
  2526 | D:3      | Bought 20 stones for 26 gold pieces
  2540 | D:3      | Noticed Grinder
  2547 | D:3      | Killed Grinder
  2548 | D:3      | Reached skill level 5 in Spellcasting
  2548 | D:3      | Reached XP level 6. HP: 33/37 MP: 10/15
  2623 | D:3      | Found a faded altar of an unknown god.
  3567 | D:4      | Found a snail-covered altar of Cheibriados.
  3615 | D:4      | Reached skill level 5 in Earth Magic
  3776 | D:4      | Noticed Blork the orc
  3781 | D:4      | Killed Blork the orc
  3782 | D:4      | Reached XP level 7. HP: 31/44 MP: 9/17
  4016 | D:4      | Reached skill level 6 in Spellcasting
  4080 | D:4      | You fall into a shaft and drop 1 floor!
  4080 | D:5      | Entered Level 5 of the Dungeon
  4280 | D:5      | Found a staircase to the Ecumenical Temple.
  4293 | Temple   | Entered the Ecumenical Temple
  4428 | Temple   | Became a worshipper of Dithmenos the Shadowed
  4467 | D:5      | Reached skill level 5 in Fighting
  5054 | D:4      | Noticed Eustachio
  5061 | D:4      | Killed Eustachio
  5062 | D:4      | Reached XP level 8. HP: 50/50 MP: 9/20
  5762 | D:5      | Found a hazy altar of Hepliaklqana.
  5763 | D:5      | Found a shimmering altar of Xom.
  5764 | D:5      | Noticed a spectral ugly thing
  5764 | D:5      | Noticed a will-o-the-wisp
  5802 | D:5      | Reached skill level 7 in Spellcasting
  5916 | D:5      | Found Saolopy's General Store.
  5926 | D:5      | Bought a scroll of teleportation for 33 gold pieces
  5926 | D:5      | Bought 2 potions of curing for 66 gold pieces
  6017 | D:6      | Noticed Duvessa
  6017 | D:6      | Noticed Dowan
  6020 | D:6      | Killed Duvessa
  6025 | D:6      | Killed Dowan
  6177 | D:6      | Reached * piety under Dithmenos
  6376 | D:6      | Reached skill level 8 in Spellcasting
  6544 | D:6      | Reached XP level 9. HP: 57/57 MP: 21/23
  6553 | D:6      | Noticed Sigmund
  6554 | D:6      | Reached skill level 9 in Spellcasting
  6567 | D:6      | Killed Sigmund
  6806 | D:6      | Reached ** piety under Dithmenos
  7667 | D:6      | Found a runed translucent door.
  7668 | D:6      | Noticed Crazy Yiuf
  7785 | D:6      | Killed Crazy Yiuf
  8108 | D:7      | Learned a level 5 spell: Lee's Rapid Deconstruction
  8113 | D:7      | Learned a level 4 spell: Petrify
  8254 | D:7      | Found a broken altar of Ashenzari.
  8513 | D:7      | Reached XP level 10. HP: 65/65 MP: 18/25
  8758 | D:8      | Found a hide-covered altar of Uskayaw.
  8761 | D:8      | Reached skill level 10 in Spellcasting
  8769 | D:8      | Noticed a purple ugly thing
  8963 | D:8      | Noticed a boulder beetle
  9171 | D:9      | Found an ancient bone altar of Kikubaaqudgha.
  9175 | D:9      | Reached *** piety under Dithmenos
  9424 | D:9      | Noticed Harold
  9438 | D:9      | Killed Harold
  9648 | D:9      | Reached skill level 11 in Spellcasting
 10006 | D:10     | Entered Level 10 of the Dungeon
 10025 | D:9      | Reached **** piety under Dithmenos
 10284 | D:10     | Noticed Nergalle
 10290 | D:10     | Killed Nergalle
 10291 | D:10     | Reached skill level 10 in Fighting
 10297 | D:10     | Noticed a two-headed ogre
 10304 | D:10     | Killed a two-headed ogre
 10305 | D:10     | Reached skill level 10 in Earth Magic
 10305 | D:10     | Reached XP level 11. HP: 72/72 MP: 3/28
 10308 | D:10     | Noticed Urug
 10426 | D:10     | Killed Urug
 10688 | D:10     | Noticed Erolcha
 10697 | D:10     | Killed Erolcha
 10699 | D:10     | Noticed Snorg
 10831 | D:10     | Identified a scroll of acquirement
 10832 | D:10     | Acquired the +0 pair of gloves of Distant Worlds {rN++
                  | Str-2}
 10917 | D:10     | Reached skill level 12 in Spellcasting
 11160 | D:10     | Identified the +2 long sword of the Six Demons {flame,
                  | Will+ Dex+5}
 11293 | D:11     | Noticed a two-headed ogre
 11296 | D:11     | Killed a two-headed ogre
 11342 | D:11     | Noticed a boulder beetle
 11588 | D:11     | Noticed a death yak
 11588 | D:11     | Noticed a death yak
 11588 | D:11     | Noticed a death yak
 11588 | D:11     | Noticed a two-headed ogre
 11595 | D:11     | Killed a death yak
 11599 | D:11     | Noticed a death yak
 11600 | D:11     | Killed a two-headed ogre
 11601 | D:11     | Killed a death yak
 11601 | D:11     | Noticed a death yak
 11602 | D:11     | Noticed a five-headed hydra
 11630 | D:10     | Killed a death yak
 11786 | D:10     | Killed a boulder beetle
 12140 | D:11     | Found a staircase to the Lair.
 12140 | D:11     | Noticed an eight-headed hydra
 12147 | D:11     | Killed an eight-headed hydra
 12148 | D:11     | Reached XP level 12. HP: 80/80 MP: 16/30
 12451 | D:11     | Killed a death yak
 12452 | D:11     | Reached skill level 13 in Spellcasting
 12467 | D:11     | Killed a death yak
 12691 | D:11     | Found a staircase to the Orcish Mines.
 12844 | D:12     | Found a frozen archway.
 12898 | IceCv    | Entered an ice cave
 13048 | IceCv    | Reached ***** piety under Dithmenos
 13170 | IceCv    | Killed from afar by an ice statue

Illustrated notes

Levels and vault maps discovered:
D:1:      zelgadis_glass_arrival_large, layout_rooms
D:2:      layout_rooms, uniq_natasha
D:3:      layout_rooms, hellmonk_ecumenical_altar_prayer_group, serial_shops,
          nicolae_shop_window_shopping, uniq_grinder
D:4:      layout_loops_corners, chei_slow_surprise, minmay_pentomino_pile,
          uniq_eustachio, uniq_blork_the_orc
D:5:      layout_cave_pools, regret_index_temple_of_mockery,
          minmay_temple_entry_junction, serial_shops, nicolae_shop_waterfront
D:6:      layout_basic, uniq_sigmund, uniq_duvessa, uniq_crazy_yiuf_cottage
D:7:      layout_basic, ashenzari_conservatory_becter
D:8:      lemuel_ice_spiral_2, layout_rooms, nicolae_uskayaw_suspiria,
          uniq_erica, uniq_gastronok, uniq_joseph
D:9:      layout_small_grid, kennysheep_vampire_church, uniq_harold
D:10:     layout_cave_pools, uniq_urug, uniq_snorg, uniq_erolcha, uniq_nergalle
D:11:     layout_basic, dpeg_lair_monsters, orc_0_dummy
D:12:     layout_roguey, portal_ice_cave_entry_imps, enter_bailey_2, uniq_azrael
Temple:   compressed_dpeg_circular_temple
IceCv:    ice_cave_statue_garden_chambered

Skill      XL: |  1  2  3  4  5  6  7  8  9 10 11 12 |
---------------+-------------------------------------+-----
Fighting       | 1 2 3 4 5 7 8 10 11 | 11.9
Spellcasting   | 4 5 6 8 9 11 12 13 | 13.2
Earth Magic    | 4 5 6 7 8 10 11 | 11.5
Dodging        | |  2.4
Stealth        | |  2.4
Transmutations | |  1.1

Action                   |  1- 3 |  4- 6 |  7- 9 | 10-12 || total
-------------------------+-------+-------+-------+-------++-------
Melee: Dagger            |    41 |    59 |    35 |     8 ||   143
       Unarmed           |     1 |       |       |       ||     1
       Short sword       |       |       |       |     4 ||     4
       Demon trident     |       |       |       |    11 ||    11
 Cast: Sandblast         |    51 |    32 |    81 |    99 ||   263
       Stone Arrow       |       |     8 |    92 |    64 ||   164
       Lee's Rapid Decon |       |       |       |    41 ||    41
       Petrify           |       |       |       |    17 ||    17
Evoke: Wand              |       |       |     5 |    17 ||    22
  Use: Scroll            |       |       |     7 |     7 ||    14
       Potion            |       |       |     2 |     1 ||     3
 Stab: Sleeping          |     2 |     5 |       |     1 ||     8
       Petrified         |       |       |       |     3 ||     3
Armor: Robe              |    21 |    11 |    14 |       ||    46
       Acid dragon scale |       |       |       |    18 ||    18
       Troll leather arm |       |       |       |    19 ||    19
Dodge: Dodged            |    59 |    33 |    55 |    95 ||   242

Table legend: (Time is in decaauts)
 A = Elapsed time spent in this place.
 B = Non-inter-level travel time spent in this place.
 C = Inter-level travel time spent in this place.
 D = Time resting spent in this place.
 E = Time spent auto-exploring this place.
 F = Levels seen in this place.
 G = Mean time per level.
                   A        B        C        D        E       F      G
               +--------+--------+--------+--------+--------+-----+--------+
         Total |  13182 |  12832 |    350 |   2652 |   8313 |  14 |  941.6 |
       Dungeon |  12758 |  12445 |    313 |   2447 |   8203 |  12 | 1063.2 |
        Temple |    152 |    115 |     37 |      0 |    110 |   1 |  152.0 |
      Ice Cave |    271 |    271 |      0 |    205 |      0 |   1 |  271.0 |
               +--------+--------+--------+--------+--------+-----+--------+

Top non-repeatable levels by time:
     D:6: 1790 daAuts
     D:4: 1712 daAuts
     D:9: 1647 daAuts
     D:1: 1439 daAuts
    D:10: 1210 daAuts
     D:5: 1035 daAuts
    D:11: 993 daAuts
     D:2: 945 daAuts
     D:7: 902 daAuts
     D:3: 755 daAuts
   IceCv: 271 daAuts
     D:8: 258 daAuts
  Temple: 152 daAuts
    D:12: 66 daAuts
